TOP OF THE 1ST |
---|
Kalamazoo Royale with Cheese batting - Pitching for St Charles Sheens : RHP Tom Wallace | Pitching: RHP Tom Wallace | | Batting: LHB Javier Espinoza | 0-0: Ball 1-0: Ball 2-0: Called Strike 2-1: Ground out U3 (Groundball, 3) | Batting: SHB Caden Keith | 0-0: Called Strike 0-1: Foul Ball, location: 2F 0-2: Ball 1-2: Ball 2-2: Ball 3-2: Base on Balls | Batting: LHB Vincente Sáenz | 0-0: Ball 1-0: Ball 2-0: Foul Ball, location: 2F 2-1: DOUBLE (Line Drive, 5D) Caden Keith to third Runner from 3rd tries for Home, SAFE, no throw | Batting: LHB Roberto Sandoval | 0-0: Ball 1-0: Ball 2-0: Called Strike 2-1: Foul Ball, location: 2F 2-2: Ground out 5-3 (Groundball, 56) | Batting: RHB Zander Tremblett | 0-0: Foul Ball, location: 2F 0-1: Called Strike 0-2: Ball 1-2: Ball 2-2: Ground out 6-3 (Groundball, 6) | Top of the 1st over - 1 run, 1 hit, 0 errors, 1 left on base; Kalamazoo 1 - St Charles 0 | BOTTOM OF THE 1ST |
---|
St Charles Sheens batting - Pitching for Kalamazoo Royale with Cheese : RHP Oscar Wheeler | Pitching: RHP Oscar Wheeler | | Batting: RHB Max Rash | 0-0: Ball 1-0: Called Strike 1-1: Ground out 6-3 (Groundball, 6MD) | Batting: RHB Miguel Palácios | 0-0: Ball 1-0: Foul Ball, location: 2F 1-1: Ball 2-1: Swinging Strike 2-2: Ball 3-2: Base on Balls | Batting: LHB Benny Richard | 0-0: Ball 1-0: Called Strike 1-1: Foul Ball, location: 2F 1-2: Foul Ball, location: 2F 1-2: Foul Ball, location: 2F 1-2: Foul Ball, location: 2F 1-2: Ball 2-2: Foul Ball, location: 2F 2-2: SINGLE (Line Drive, 34) Miguel Palácios to second | Batting: LHB Juan Jose Rojas | 0-0: Swinging Strike 0-1: Swinging Strike 0-2: Strikes out looking | Batting: RHB Dan Tyler | 0-0: Called Strike 0-1: Fly out, F9 (Flyball, 9LM) | Bottom of the 1st over - 0 runs, 1 hit, 0 errors, 2 left on base; Kalamazoo 1 - St Charles 0 | TOP OF THE 2ND |
---|
Kalamazoo Royale with Cheese batting - Pitching for St Charles Sheens : RHP Tom Wallace | Batting: LHB Bill McJannett | 0-0: SINGLE (Line Drive, 6MD) | Batting: LHB Bob Martin | 0-0: Ball 1-0: Fly out, F8 (Flyball, 78M) | Batting: LHB Tom Blake | 0-0: Ball 1-0: Ball 2-0: Ball 3-0: Base on Balls Bill McJannett to second | Batting: LHB Keith Tillman | 0-0: Foul Ball, location: 2F 0-1: Foul Ball, location: 2F 0-2: Strikes out swinging | Batting: LHB Javier Espinoza | 0-0: Ball 1-0: Ball 2-0: Foul Ball, location: 2F 2-1: Foul Ball, location: 2F 2-2: Ball 3-2: Ground out 6-3 (Groundball, 6) | Top of the 2nd over - 0 runs, 1 hit, 0 errors, 2 left on base; Kalamazoo 1 - St Charles 0 | BOTTOM OF THE 2ND |
---|
St Charles Sheens batting - Pitching for Kalamazoo Royale with Cheese : RHP Oscar Wheeler | Batting: RHB Shawn Gutiérrez | 0-0: Fly out, F8 (Flyball, 8LD) | Batting: RHB Víctor Arredondo | 0-0: SINGLE (Line Drive, 9S) | Batting: LHB Nick Gamble | 0-0: Ball 1-0: Ball 2-0: Called Strike 2-1: Foul Ball, location: 2F 2-2: Foul Ball, location: 2F 2-2: Fielders Choice at 2nd, 4-6 (Groundball, 4) | Batting: RHB Rob Brady | 0-0: Ball 1-0: Ball 2-0: Ground out 4-3 (Groundball, 4D) | Bottom of the 2nd over - 0 runs, 1 hit, 0 errors, 1 left on base; Kalamazoo 1 - St Charles 0 | TOP OF THE 3RD |
---|
Kalamazoo Royale with Cheese batting - Pitching for St Charles Sheens : RHP Tom Wallace | Batting: SHB Caden Keith | 0-0: Ball 1-0: Foul Ball, location: 2F 1-1: Foul Ball, location: 2F 1-2: Strikes out looking | Batting: LHB Vincente Sáenz | 0-0: Ball 1-0: Ball 2-0: Swinging Strike 2-1: Swinging Strike 2-2: Ball 3-2: Foul Ball, location: 2F 3-2: SINGLE (Line Drive, 3S) | Batting: LHB Roberto Sandoval | 0-0: Called Strike 0-1: Foul Ball, location: 2F 0-2: 2-RUN HOME RUN (Flyball, 9D), Distance : 403 ft | Batting: RHB Zander Tremblett | 0-0: Ball 1-0: Ball 2-0: Ball 3-0: Called Strike 3-1: Foul Ball, location: 2F 3-2: Base on Balls | Batting: LHB Bill McJannett | 0-0: Ball 1-0: Called Strike 1-1: Foul Ball, location: 2F 1-2: Ball 2-2: Foul Ball, location: 2F 2-2: Foul Ball, location: 2F 2-2: SINGLE (Groundball, 34D) Zander Tremblett to second Runner from 2nd tries for 3rd, SAFE, no throw | Batting: LHB Bob Martin | 0-0: Swinging Strike 0-1: Ball 1-1: 3-RUN HOME RUN (Flyball, 7D), Distance : 388 ft | Batting: LHB Tom Blake | 0-0: Called Strike 0-1: Called Strike 0-2: Ball 1-2: Ball 2-2: Ball 3-2: DOUBLE (Flyball, 8LXD) | Batting: LHB Keith Tillman | 0-0: Ball 1-0: SINGLE (Flyball, 78S) Tom Blake to third | Batting: LHB Javier Espinoza | 0-0: Ball 1-0: Ball 2-0: Ball 3-0: Called Strike 3-1: Base on Balls Keith Tillman to second | Batting: SHB Caden Keith | 0-0: SINGLE (Line Drive, 8LS) Tom Blake scores Keith Tillman to third Javier Espinoza to second Runner from 3rd tries for Home, SAFE, no throw | Batting: LHB Vincente Sáenz | 0-0: Ball 1-0: Fielders Choice at 2nd, 5-4 (Groundball, 56) Javier Espinoza to third | Batting: LHB Roberto Sandoval | 0-0: Fly out, F8 (Flyball, 89D) | Top of the 3rd over - 7 runs, 7 hits, 0 errors, 2 left on base; Kalamazoo 8 - St Charles 0 | BOTTOM OF THE 3RD |
---|
St Charles Sheens batting - Pitching for Kalamazoo Royale with Cheese : RHP Oscar Wheeler | Batting: RHB Max Rash | 0-0: Called Strike 0-1: Ground out 4-3 (Groundball, 4) | Batting: RHB Miguel Palácios | 0-0: Ball 1-0: Ground out 1-3 (Groundball, P) | Batting: LHB Benny Richard | 0-0: SINGLE (Line Drive, 4M) | Batting: LHB Juan Jose Rojas | 0-0: Ball 1-0: Swinging Strike 1-1: Ground out 4-3 (Groundball, 4) | Bottom of the 3rd over - 0 runs, 1 hit, 0 errors, 1 left on base; Kalamazoo 8 - St Charles 0 | TOP OF THE 4TH |
---|
Kalamazoo Royale with Cheese batting - Pitching for St Charles Sheens : RHP Tom Wallace | Batting: RHB Zander Tremblett | 0-0: Foul Ball, location: 2F 0-1: Called Strike 0-2: Ball 1-2: Ball 2-2: Fly out, F9 (Flyball, 9) | Batting: LHB Bill McJannett | 0-0: Ball 1-0: Ball 2-0: Called Strike 2-1: Called Strike 2-2: Ball 3-2: Strikes out looking | Batting: LHB Bob Martin | 0-0: Ball 1-0: Foul Ball, location: 2F 1-1: Fly out, F6 (Popup, 6MD) | Top of the 4th over - 0 runs, 0 hits, 0 errors, 0 left on base; Kalamazoo 8 - St Charles 0 | BOTTOM OF THE 4TH |
---|
St Charles Sheens batting - Pitching for Kalamazoo Royale with Cheese : RHP Oscar Wheeler | Batting: RHB Dan Tyler | 0-0: Called Strike 0-1: Ball 1-1: Ball 2-1: Swinging Strike 2-2: SINGLE (Groundball, 4MD) | Batting: RHB Shawn Gutiérrez | 0-0: Ball 1-0: Fly out, F7 (Flyball, 7LM) | Batting: RHB Víctor Arredondo | 0-0: Fly out, F7 (Flyball, 78M) | Batting: LHB Nick Gamble | 0-0: Foul Ball, location: 2F 0-1: Ball 1-1: Foul Ball, location: 2F 1-2: Foul Ball, location: 2F 1-2: Foul Ball, location: 2F 1-2: Ball 2-2: Strikes out swinging | Bottom of the 4th over - 0 runs, 1 hit, 0 errors, 1 left on base; Kalamazoo 8 - St Charles 0 | TOP OF THE 5TH |
---|
Kalamazoo Royale with Cheese batting - Pitching for St Charles Sheens : RHP Tom Wallace | Batting: LHB Tom Blake | 0-0: Called Strike 0-1: Foul Ball, location: 2F 0-2: Ball 1-2: Foul Ball, location: 2F 1-2: Ball 2-2: Foul Ball, location: 2F 2-2: SINGLE (Groundball, 56D) | Batting: LHB Keith Tillman | 0-0: Foul Ball, location: 2F 0-1: Ball 1-1: Ball 2-1: Foul Ball, location: 2F 2-2: Fielders Choice at 2nd, 3-6 (Groundball, 3) | Batting: LHB Javier Espinoza | 0-0: Called Strike 0-1: Foul Ball, location: 2F 0-2: Strikes out swinging | Batting: SHB Caden Keith | 0-0: Ball 1-0: Ball 2-0: 2-RUN HOME RUN (Flyball, 9D), Distance : 404 ft | Batting: LHB Vincente Sáenz | 0-0: Ball 1-0: Ball 2-0: Ball 3-0: Called Strike 3-1: SINGLE (Groundball, 34D) | Pitching: LHP Luis Valentín | | Batting: LHB Roberto Sandoval | 0-0: Foul Ball, location: 2F 0-1: Ball 1-1: Ball 2-1: Foul Ball, location: 2F 2-2: Ball 3-2: Ground out 4-3 (Groundball, 34D) | Top of the 5th over - 2 runs, 3 hits, 0 errors, 1 left on base; Kalamazoo 10 - St Charles 0 | BOTTOM OF THE 5TH |
---|
St Charles Sheens batting - Pitching for Kalamazoo Royale with Cheese : RHP Oscar Wheeler | Batting: RHB Rob Brady | 0-0: Ball 1-0: Called Strike 1-1: Ball 2-1: Fly out, F8 (Flyball, 89D) | Batting: RHB Max Rash | 0-0: Called Strike 0-1: Ball 1-1: Ball 2-1: Ball 3-1: Fly out, F8 (Flyball, 8RXD) | Batting: RHB Miguel Palácios | 0-0: Called Strike 0-1: Foul Ball, location: 2F 0-2: Ball 1-2: Fly out, F7 (Flyball, 7LS) | Bottom of the 5th over - 0 runs, 0 hits, 0 errors, 0 left on base; Kalamazoo 10 - St Charles 0 | TOP OF THE 6TH |
---|
Kalamazoo Royale with Cheese batting - Pitching for St Charles Sheens : LHP Luis Valentín | Batting: RHB Zander Tremblett | 0-0: Ball 1-0: Ball 2-0: Called Strike 2-1: Called Strike 2-2: Fly out, F4 (Popup, 4MS) | Batting: LHB Bill McJannett | 0-0: Ball 1-0: Foul Ball, location: 2F 1-1: Ball 2-1: Swinging Strike 2-2: Strikes out swinging | Batting: LHB Bob Martin | 0-0: Foul Ball, location: 2F 0-1: Foul Ball, location: 2F 0-2: Strikes out swinging | Top of the 6th over - 0 runs, 0 hits, 0 errors, 0 left on base; Kalamazoo 10 - St Charles 0 | BOTTOM OF THE 6TH |
---|
St Charles Sheens batting - Pitching for Kalamazoo Royale with Cheese : RHP Oscar Wheeler | Batting: LHB Benny Richard | 0-0: Called Strike 0-1: Foul Ball, location: 2F 0-2: Strikes out swinging | Batting: LHB Juan Jose Rojas | 0-0: Called Strike 0-1: Swinging Strike 0-2: Ball 1-2: Strikes out swinging | Batting: RHB Dan Tyler | 0-0: Ground out 6-3 (Groundball, 56) | Bottom of the 6th over - 0 runs, 0 hits, 0 errors, 0 left on base; Kalamazoo 10 - St Charles 0 | TOP OF THE 7TH |
---|
Kalamazoo Royale with Cheese batting - Pitching for St Charles Sheens : LHP Luis Valentín | Batting: LHB Tom Blake | 0-0: Ball 1-0: Foul Ball, location: 2F 1-1: SINGLE (Groundball, 34D) | Batting: LHB Keith Tillman | 0-0: Foul Ball, location: 2F 0-1: Ball 1-1: Ball 2-1: Ground out U3 (Groundball, 34) Tom Blake to second | Batting: LHB Javier Espinoza | 0-0: Fly out, F8 (Flyball, 8RD) | Batting: SHB Caden Keith | 0-0: Called Strike 0-1: Foul Ball, location: 2F 0-2: SINGLE (Groundball, 4D) Tom Blake to third Runner from 3rd tries for Home, SAFE, no throw | Batting: LHB Vincente Sáenz | 0-0: Called Strike 0-1: Ball 1-1: Ball 2-1: Ball 3-1: Foul Ball, location: 2F 3-2: Strikes out swinging | Top of the 7th over - 1 run, 2 hits, 0 errors, 1 left on base; Kalamazoo 11 - St Charles 0 | BOTTOM OF THE 7TH |
---|
St Charles Sheens batting - Pitching for Kalamazoo Royale with Cheese : RHP Oscar Wheeler | Batting: RHB Shawn Gutiérrez | 0-0: Fly out, F8 (Line Drive, 8LS) | Batting: RHB Víctor Arredondo | 0-0: Ground out 5-3 (Groundball, 5) | Batting: LHB Nick Gamble | 0-0: Called Strike 0-1: Ball 1-1: Ball 2-1: SINGLE (Flyball, 7S) | Batting: RHB Rob Brady | 0-0: Called Strike 0-1: Ball 1-1: Foul Ball, location: 2F 1-2: Ball 2-2: Ball Nick Gamble is caught stealing 2nd base | Bottom of the 7th over - 0 runs, 1 hit, 0 errors, 0 left on base; Kalamazoo 11 - St Charles 0 | TOP OF THE 8TH |
---|
Kalamazoo Royale with Cheese batting - Pitching for St Charles Sheens : LHP Luis Valentín | Batting: LHB Roberto Sandoval | 0-0: Ball 1-0: Called Strike 1-1: Foul Ball, location: 2F 1-2: Ball 2-2: Foul Ball, location: 2F 2-2: Fly out, F5 (Line Drive, 56) | Batting: RHB Zander Tremblett | 0-0: Ball 1-0: Ball 2-0: Called Strike 2-1: Foul Ball, location: 2F 2-2: SINGLE (Groundball, 56D) | Pitching: RHP Pedro Santiago | | Batting: LHB Bill McJannett | 0-0: Ball 1-0: Fly out, F8 (Flyball, 8LD) | Batting: LHB Bob Martin | 0-0: Called Strike 0-1: SINGLE (Groundball, 34D) Zander Tremblett to second Runner from 2nd tries for 3rd, OUT! | Top of the 8th over - 0 runs, 2 hits, 0 errors, 1 left on base; Kalamazoo 11 - St Charles 0 | BOTTOM OF THE 8TH |
---|
St Charles Sheens batting - Pitching for Kalamazoo Royale with Cheese : RHP Oscar Wheeler | Batting: RHB Rob Brady | 0-0: Ball 1-0: Swinging Strike 1-1: Foul Ball, location: 2F 1-2: Foul Ball, location: 2F 1-2: Foul Ball, location: 2F 1-2: Foul Ball, location: 2F 1-2: Ball 2-2: Ball 3-2: Fly out, F9 (Flyball, 9LM) | Batting: RHB Max Rash | 0-0: Ball 1-0: Ball 2-0: Called Strike 2-1: Fly out, F4 (Line Drive, 4) | Batting: RHB Miguel Palácios | 0-0: Ball 1-0: Foul Ball, location: 2F 1-1: Ball 2-1: Foul Ball, location: 2F 2-2: SINGLE (Groundball, 4D) | Batting: LHB Benny Richard | 0-0: Fly out, F8 (Flyball, 8LS) | Bottom of the 8th over - 0 runs, 1 hit, 0 errors, 1 left on base; Kalamazoo 11 - St Charles 0 | TOP OF THE 9TH |
---|
Kalamazoo Royale with Cheese batting - Pitching for St Charles Sheens : RHP Pedro Santiago | Pitching: RHP António Ojeda | | Batting: LHB Tom Blake | 0-0: Ground out 6-3 (Groundball, 6S) | Batting: LHB Keith Tillman | 0-0: Ball 1-0: Ball 2-0: Ball 3-0: Called Strike 3-1: Fly out, F7 (Flyball, 78M) | Batting: LHB Javier Espinoza | 0-0: Swinging Strike 0-1: Swinging Strike 0-2: Strikes out swinging | Top of the 9th over - 0 runs, 0 hits, 0 errors, 0 left on base; Kalamazoo 11 - St Charles 0 | BOTTOM OF THE 9TH |
---|
St Charles Sheens batting - Pitching for Kalamazoo Royale with Cheese : RHP Oscar Wheeler | Batting: LHB Juan Jose Rojas | 0-0: Ball 1-0: Ground out 6-3 (Groundball, 6) | Batting: RHB Dan Tyler | 0-0: Ball 1-0: Hit by Pitch | Batting: RHB Shawn Gutiérrez | 0-0: Called Strike 0-1: Grounds into double play, 6-4-3 (Groundball, 6) | Bottom of the 9th over - 0 runs, 0 hits, 0 errors, 0 left on base; Kalamazoo 11 - St Charles 0 | |